 Dungeon Crawl Stone Soup version 0.24.1-14-gf8d2b509d9 (webtiles) character file.

Game seed: 14364441311445446998, levelgen mode: deterministic

67 Hugehornet the Cudgeler (level 4, 0/58 HPs)
             Began as a Troll Wizard on May 22, 2020.
             Slain by Terence
             ... wielding a +0 flail
              (4 damage)
             ... on level 2 of the Dungeon.
             The game lasted 00:02:55 (1096 turns).

Hugehornet the Cudgeler (Troll Wizard)              Turns: 1096, Time: 00:02:56

Health: 0/58       AC:  6    Str: 20    XL:     4   Next: 0%
Magic:  6/6        EV:  9    Int: 15    God:
Gold:   75         SH:  0    Dex:  8    Spells: 6/7 levels left

rFire    . . .     SeeInvis .   g - +0 whip
rCold    . . .     Gourm    +   (no shield)
rNeg     . . .     Faith    .   a - +0 robe
rPois    .         Spirit   .   b - +0 hat
rElec    .         Reflect  .   (no cloak)
rCorr    +         Harm     .   (gloves unavailable)
MR       .....                  (boots unavailable)
Stlth    ..........             (no amulet)
HPRegen  0.59/turn              i - ring of resist corrosion
MPRegen  0.10/turn              (no ring)

@: berserking, very quick
A: large, unfitting armour, claws 3, fast metabolism 3, gourmand, regeneration
1, shaggy fur 1, tough skin 3
a: no special abilities


You were on level 2 of the Dungeon.
You were very full.

You visited 1 branch of the dungeon, and saw 2 of its levels.

You collected 75 gold pieces.

Inventory:

Hand Weapons
 g - a +0 whip (weapon)
Armour
 a - a +0 robe (worn)
 b - a +0 hat (worn)
Jewellery
 i - a ring of resist corrosion (left claw)
Scrolls
 e - 3 scrolls of identify {unknown}
Potions
 c - a potion of haste {unknown}
 f - a potion of lignification {unknown}
 j - a potion of curing
Comestibles
 d - 4 rations


   Skills:
 + Level 2.9 Maces & Flails
 - Level 1.5 Dodging
 - Level 1.0 Stealth
 - Level 1.0 Unarmed Combat
 - Level 2.1 Spellcasting
 - Level 0.6 Conjurations
   Level 0.6 Summonings
   Level 0.6 Translocations


You had 6 spell levels left.
You knew the following spells:

 Your Spells              Type           Power        Failure   Level  Hunger
a - Magic Dart            Conj           #...         17%         1    #......

Your spell library contained the following spells:

 Spells                   Type           Power        Failure   Level  Hunger
 Blink                    Tloc           N/A          26%         2    ###....
 Call Imp                 Summ           #.......     26%         2    ###....
 Slow                     Hex            #.......     32%         2    ###....
 Conjure Flame            Conj/Fire      #.......     52%         3    ###....
 Mephitic Cloud           Conj/Pois/Air  #.......     52%         3    ###....


Dungeon Overview and Level Annotations

Branches:
Dungeon (2/15)

Altars:
Elyvilon

Annotations:
D:2 Terence


Innate Abilities, Weirdness & Mutations

You are too large for most types of armour.
You have claws for hands.
Your metabolism is lightning-fast.
You like to eat raw meat.
Your natural rate of healing is unusually fast.
You are covered in fur. (AC +1)
You have extremely tough skin. (AC +3)


Message History

You closely miss Terence.
Terence is severely wounded.
The rat barely misses you.
You hit Terence.
Terence is severely wounded.
The rat misses you. Terence hits you with a +0 flail!
* * * LOW HITPOINT WARNING * * *
You hit Terence.
Terence is almost dead.
You completely miss Terence.
Terence is almost dead.
The rat bites you but does no damage. Terence hits you with a +0 flail.
* * * LOW HITPOINT WARNING * * *
You closely miss Terence.
Terence is almost dead.
The rat bites you but does no damage.
You closely miss Terence.
Terence is almost dead.
Terence hits you with a +0 flail.
You die...

#######.........# #
### #..#.##...#.###
#######.##.##...#... .
+.._..'.........#.. ..
###.###..#..#...#.#
..# # #.
#..#..#...#.##...# #
#.................
.......#.......r.....#
...###.##.#...@@......
#.. #.##.#..%..##....
#. #.##.#.....# . #
............$.
........#..#...
................
.##..$.........
##...........


You could see Terence and a rat.

Vanquished Creatures
  Robin (D:2)
  An adder (D:2)
  2 dart slugs
  A ball python (D:1)
  A giant cockroach (D:1)
  11 goblins
  4 hobgoblins
  6 jackals
  4 bats (D:1)
  2 frilled lizards
  4 kobolds
  3 rats
40 creatures vanquished.

Notes
Turn   | Place    | Note
-------+----------+-------------------------------------------
     0 | D:1      | Hugehornet the Troll Wizard began the quest for the Orb.
     0 | D:1      | Reached XP level 1. HP: 16/16 MP: 2/2
    35 | D:1      | Reached skill level 1 in Unarmed Combat
   208 | D:1      | Reached XP level 2. HP: 24/24 MP: 4/4
   243 | D:1      | Reached skill level 1 in Maces & Flails
   841 | D:2      | Reached XP level 3. HP: 27/31 MP: 5/5
   909 | D:2      | Noticed Robin
   919 | D:2      | Killed Robin
  1015 | D:2      | Reached XP level 4. HP: 36/39 MP: 6/6
  1049 | D:2      | Found a white marble altar of Elyvilon.
  1065 | D:2      | Noticed Terence
  1096 | D:2      | Slain by Terence

Levels and vault maps discovered:
D:1:      scummos_arrival_hexagon, layout_loops_ring
D:2:      layout_basic, lemuel_doored_altar, first_ration,
          dk_yredelemnul_ordeal, uniq_terence, uniq_robin

Skill      XL: |  1  2 |
---------------+-------+-----
Unarmed Combat | 1 |  1.0
Maces & Flails | 2 |  2.9
Dodging        | |  1.5
Stealth        | |  1.0
Spellcasting   | |  2.1
Conjurations   | |  0.6
Summonings     | |  0.6
Translocations | |  0.6

Action                   |  1- 3 |  4- 6 || total
-------------------------+-------+-------++-------
Melee: Club              |    68 |       ||    68
       Unarmed           |    16 |       ||    16
       Whip              |   126 |    26 ||   152
  Use: Potion            |       |     2 ||     2
 Stab: Sleeping          |     1 |       ||     1
  Eat: Chunk             |    14 |       ||    14
Armor: Robe              |   105 |    12 ||   117
Dodge: Dodged            |   117 |    13 ||   130
